 Dungeon Crawl Stone Soup version 0.30-a0-557-ge2afbf3030 (webtiles) character file.

Game seed: 14308670193459126044

54 HoaS the Shooter (level 3, -4/21 HPs)
             Began as a Tengu Hunter on Dec 27, 2022.
             Slain by a gnoll
             ... wielding a +0 club
              (6 damage)
             ... on level 2 of the Dungeon.
             The game lasted 00:02:13 (502 turns).

HoaS the Shooter (Tengu Hunter)                      Turns: 502, Time: 00:02:13

Health: -4/21      AC:  3    Str: 11    XL:     3   Next: 91%
Magic:  4/4        EV: 12    Int:  9    God:
Gold:   77         SH:  0    Dex: 19    Spells: 2/2 levels left

rFire   . . .      SeeInvis .    a - +0 shortbow
rCold   . . .      Faith    .    (shield currently unavailable)
rNeg    . . .      Spirit   .    c - +0 leather armour
rPois   .          Reflect  .    (helmet restricted)
rElec   .          Harm     .    (no cloak)
rCorr   +          Rampage  .    (no gloves)
Will    .....                    (boots unavailable)
Stlth   ++                       (no amulet)
HPRegen 0.23/turn                f - ring of resist corrosion
MPRegen 0.09/turn                (no ring)

@: no status effects
A: beak, talons 3
a: no special abilities


You were on level 2 of the Dungeon.
You visited 1 branch of the dungeon, and saw 2 of its levels.

You collected 77 gold pieces.

Inventory:

Hand Weapons
 a - a +0 shortbow (weapon)
Armour
 c - a +0 leather armour (worn)
Jewellery
 f - a ring of resist corrosion (left hand)
Scrolls
 b - a scroll of immolation
 g - a scroll of noise
Potions
 e - a potion of flight
 j - a potion of brilliance {unknown}


   Skills:
 - Level 2.0 Fighting
 + Level 6.0 Ranged Weapons
 - Level 2.1 Dodging
 - Level 1.0 Stealth


You had 2 spell levels left.
You didn't know any spells.
Your spell library was empty.

Dungeon Overview and Level Annotations

Branches:
Dungeon (2/15)

Altars:


Innate Abilities, Weirdness & Mutations

You have a beak for a mouth.
You have claws for feet.


Message History

You shoot an arrow. The arrow hits the adder!
You kill the adder!
You feel sick.
You shoot an arrow. The arrow hits the ball python!
You kill the ball python!
You feel sick.
You shoot an arrow.
The arrow hits the goblin but does no damage.
The goblin is heavily wounded.
You feel sick. The goblin closely misses you.
You shoot an arrow. The arrow barely misses the goblin.
You feel sick.
You are no longer poisoned.
The goblin misses you.
You shoot an arrow. The arrow hits the goblin!
You kill the goblin!
A kobold comes into view. It is wielding a +0 dagger.
You shoot an arrow. The arrow hits the kobold.
The kobold is moderately wounded.
The kobold hits you but does no damage.
A kobold is nearby!
You shoot an arrow. The arrow misses the kobold.
The kobold misses you.
You shoot an arrow. The arrow hits the kobold!
You kill the kobold!
Your Ranged Weapons skill increases to level 6!
Items here: )) ††.
You start resting.
A gnoll comes into view. It is wielding a +0 club.
A gnoll comes into view. It is wielding a +0 spear.
The gnoll shouts!
You hear a shout! x2
The gnoll hits you from afar with a +0 spear.
Items here: )) ††.
A gnoll comes into view. It is wielding a +0 halberd.
A gnoll comes into view. It is wielding a +0 spear.
The gnoll hits you with a +0 club.
* * * LOW HITPOINT WARNING * * *
The gnoll shouts!
The gnoll hits you from afar with a +0 spear.
* * * LOW HITPOINT WARNING * * *
The gnoll hits you with a +0 club.
You die...

,,,** *########## ,*,,**
*.........#
,**,,****.........######
,,,,,,,,,..............#
,,,,,,,,,.........####.#
,**,,,,,,.........# ##.#
,**,,,,,,........g###..#
,,*,,,,,,.......<.##.g##
,,,,,,,,,...g...@g##.##
,,,,,,,,,.........##)#********
****,,,,,..........g.#*,,,,,,**
**,,,,*,,.########..##,,,,,,,,**
,,,**,**,,,,,,,,.......,,,,,,,,*
,,,,,,,,,,,,,,.....##....,,>,,,*
,,,,,,***,,,........,.....,,,,,*
,,,,,,* **,,...###.#,,....,,,,,*
,,,,,,* **,#..* #.#,,....,,,,,*


You could see 4 gnolls.

Vanquished Creatures
  A gnoll (D:1)
  2 adders (D:2)
  A bat (D:1)
  4 endoplasms (D:1)
  3 goblins
  4 hobgoblins
  A quokka (D:1)
  4 ball pythons
  A frilled lizard (D:1)
  2 kobolds
  4 rats (D:1)
27 creatures vanquished.

Notes
Turn   | Place    | Note
-------+----------+-------------------------------------------
     0 | D:1      | HoaS the Tengu Hunter began the quest for the Orb.
     0 | D:1      | Reached XP level 1. HP: 12/12 MP: 2/2
    95 | D:1      | Reached skill level 5 in Ranged Weapons
    95 | D:1      | Reached XP level 2. HP: 17/17 MP: 3/3
   209 | D:1      | Reached XP level 3. HP: 21/21 MP: 4/4
   476 | D:2      | Reached skill level 6 in Ranged Weapons
   502 | D:2      | Slain by a gnoll

Illustrated notes

Levels and vault maps discovered:
D:1:      onia_arrival_handbag, layout_rooms
D:2:      layout_rooms

Skill      XL: |  1  2  3 |
---------------+----------+-----
Ranged Weapons | 5 6 |  6.0
Fighting       | |  2.0
Dodging        | |  2.1
Stealth        | |  1.0

Action                   || total
-------------------------++-------
 Fire: Shortbow          ||    59
  Use: Scroll            ||     4
Armor: Leather armour    ||     3
Dodge: Dodged            ||    12

Table legend: (Time is in decaauts)
 A = Elapsed time spent in this place.
 B = Non-inter-level travel time spent in this place.
 C = Inter-level travel time spent in this place.
 D = Time resting spent in this place.
 E = Time spent auto-exploring this place.
 F = Levels seen in this place.
 G = Mean time per level.
                   A        B        C        D        E       F      G
               +--------+--------+--------+--------+--------+-----+--------+
         Total |    518 |    496 |     22 |     12 |    345 |   2 |  259.0 |
       Dungeon |    518 |    496 |     22 |     12 |    345 |   2 |  259.0 |
               +--------+--------+--------+--------+--------+-----+--------+

Top non-repeatable levels by time:
     D:1: 456 daAuts
     D:2: 61 daAuts
